TEX
FRISCO ROUGHRIDERS @ SAN ANTONIO MISSIONS
08/31/2098
 
TOP OF THE 1ST
Frisco RoughRiders batting - Pitching for San Antonio Missions : LHP Miguel Espinoza
Pitching: LHP Miguel Espinoza
Batting: RHB Phil Roth 0-0: Ball
1-0: Ball
2-0: Ball
3-0: Called Strike
3-1: Foul Ball, location: 7LMF
3-2: Foul Ball, location: 9LDF
3-2: Foul Ball, location: 5FF
3-2: Base on Balls
Batting: RHB Todd Peters 0-0: Called Strike
Phil Roth is caught stealing 2nd base 2-4
0-1: Ball
1-1: Foul Ball, location: 2F
1-2: Foul Ball, location: 9LMF
1-2: Ground out 4-3 (Groundball, 4, EV 85.6 MPH)
Batting: LHB Dallas Zancanella 0-0: Called Strike
0-1: Ball
1-1: Ball
2-1: SINGLE (Line Drive, 7S, EV 106.3 MPH)
Batting: RHB Eric Nichols 0-0: Ball
1-0: Ball
2-0: Fielders Choice at 2nd, 6-4 (Groundball, 56, EV 88.1 MPH)
Top of the 1st over - 0 runs, 1 hit, 0 errors, 1 left on base; Frisco 0 - San Antonio 0
BOTTOM OF THE 1ST
San Antonio Missions batting - Pitching for Frisco RoughRiders : LHP Dan Pyne
Pitching: LHP Dan Pyne
Batting: RHB Chris Ell 0-0: Reaches on Catchers interference
Batting: LHB Kenny Helm 0-0: Foul Ball, location: 5F
0-1: Ball
1-1: Called Strike
1-2: Ball
2-2: Strikes out looking
Chris Ell is caught stealing 2nd base 2-6
Batter strikes out.
Batting: SHB Billy Schneider 0-0: Swinging Strike
0-1: Called Strike
0-2: Ball
1-2: Ball
2-2: Ball
3-2: Strikes out swinging
Bottom of the 1st over - 0 runs, 0 hits, 1 error, 0 left on base; Frisco 0 - San Antonio 0
TOP OF THE 2ND
Frisco RoughRiders batting - Pitching for San Antonio Missions : LHP Miguel Espinoza
Batting: LHB Josh Anderson 0-0: Called Strike
0-1: Ball
1-1: Ball
2-1: Swinging Strike
2-2: Fly out, F2 (Popup, 25F, EV 85.6 MPH)
Batting: RHB Manny Rodriguez 0-0: Ball
1-0: Called Strike
1-1: Ball
2-1: Ball
3-1: Foul Ball, location: 23FF
3-2: Strikes out swinging, 2-3 out at first.
Batting: RHB Mark Riggs 0-0: Ball
1-0: Foul Ball, location: 25F
1-1: Called Strike
1-2: Foul Ball, location: 9LDF
1-2: Ball
2-2: Fly out, F9 (Line Drive, 9S, EV 105.0 MPH)
Top of the 2nd over - 0 runs, 0 hits, 0 errors, 0 left on base; Frisco 0 - San Antonio 0
BOTTOM OF THE 2ND
San Antonio Missions batting - Pitching for Frisco RoughRiders : LHP Dan Pyne
Batting: RHB Sincere Robinson 0-0: Swinging Strike
0-1: Swinging Strike
0-2: Ball
1-2: Strikes out swinging
Batting: RHB Zach Elerson 0-0: Ball
1-0: Called Strike
1-1: Fly out, F7 (Line Drive, 7S, EV 86.3 MPH)
Batting: RHB Steve Matteucci 0-0: Swinging Strike
0-1: SINGLE (Groundball, 34D, EV 97.5 MPH)
Batting: RHB Alejandro Rivera 0-0: Ball
1-0: Ball
2-0: Ball
3-0: Foul Ball, location: 2F
3-1: SINGLE (Flyball, 34D, EV 87.5 MPH)
Steve Matteucci to second
Runner from 2nd tries for 3rd, SAFE, throw by RF made to third
Batting: RHB Josh Redding 0-0: Called Strike
0-1: Swinging Strike
0-2: Fly out, F8 (Flyball, 8RM, EV 90.6 MPH)
Bottom of the 2nd over - 0 runs, 2 hits, 0 errors, 2 left on base; Frisco 0 - San Antonio 0
TOP OF THE 3RD
Frisco RoughRiders batting - Pitching for San Antonio Missions : LHP Miguel Espinoza
Batting: RHB Kymani Biggs 0-0: Foul Ball, location: 5FF
0-1: Called Strike
0-2: Ball
1-2: Foul Ball, location: 5F
1-2: Fly out, F8 (Flyball, 78M, EV 79.4 MPH)
Batting: LHB Corey Jackson 0-0: Ball
1-0: Foul Ball, location: 2F
1-1: Ball
2-1: Ball
3-1: Foul Ball, location: 2LF
3-2: Ground out 6-3 (Groundball, 6, EV 86.3 MPH)
Batting: RHB Phil Roth 0-0: Ball
1-0: Foul Ball, location: 2F
1-1: Ball
2-1: Fly out, F9 (Flyball, 9D, EV 111.3 MPH)
Top of the 3rd over - 0 runs, 0 hits, 0 errors, 0 left on base; Frisco 0 - San Antonio 0
BOTTOM OF THE 3RD
San Antonio Missions batting - Pitching for Frisco RoughRiders : LHP Dan Pyne
Batting: RHB Mike Bradberry 0-0: Called Strike
0-1: Swinging Strike
0-2: Ball
1-2: Foul Ball, location: 9LDF
1-2: Ball
2-2: Ball
3-2: Ground out 6-3 (Groundball, 6D, EV 80.0 MPH)
Batting: RHB Chris Ell 0-0: Ball
1-0: Ball
2-0: Ball
3-0: Called Strike
3-1: Base on Balls
Batting: LHB Kenny Helm 0-0: Called Strike
0-1: Called Strike
0-2: Foul Ball, location: 7LDF
0-2: Strikes out swinging
Batting: SHB Billy Schneider 0-0: Foul Ball, location: 2F
0-1: Ball
1-1: Called Strike
1-2: Ground out U3 (Groundball, 3, EV 91.3 MPH)
Bottom of the 3rd over - 0 runs, 0 hits, 0 errors, 1 left on base; Frisco 0 - San Antonio 0
TOP OF THE 4TH
Frisco RoughRiders batting - Pitching for San Antonio Missions : LHP Miguel Espinoza
Batting: RHB Todd Peters 0-0: Called Strike
0-1: Ball
1-1: Ball
2-1: Ball
3-1: Foul Ball, location: 5F
3-2: Base on Balls
Batting: LHB Dallas Zancanella 0-0: Swinging Strike
0-1: Ball
1-1: Fly out, F7 (Line Drive, 7S, EV 101.3 MPH)
Batting: RHB Eric Nichols 0-0: Called Strike
0-1: Called Strike
Todd Peters steals 2nd base
0-2: Ball
1-2: Ball
2-2: SINGLE (Line Drive, 6D, EV 104.4 MPH)
Todd Peters to third
Runner from 3rd tries for Home, SAFE, throw by CF to home
Batting: LHB Josh Anderson 0-0: Ball
1-0: Called Strike
1-1: Ball
2-1: SINGLE (Line Drive, 8RS, EV 90.0 MPH)
Eric Nichols to second
Runner from 2nd tries for 3rd, SAFE, throw by CF made to third
Batting: RHB Manny Rodriguez 0-0: Fielders Choice at 2nd, 4-6 (Groundball, 4, EV 86.9 MPH)
Eric Nichols scores
Batting: RHB Mark Riggs 0-0: Ball
1-0: Swinging Strike
1-1: Ball
2-1: Ball
3-1: Base on Balls
Manny Rodriguez to second
Batting: RHB Kymani Biggs 0-0: Fielders Choice at 2nd, 6-4 (Groundball, 6, EV 106.9 MPH)
Top of the 4th over - 2 runs, 2 hits, 0 errors, 2 left on base; Frisco 2 - San Antonio 0
BOTTOM OF THE 4TH
San Antonio Missions batting - Pitching for Frisco RoughRiders : LHP Dan Pyne
Batting: RHB Sincere Robinson 0-0: Ball
1-0: Called Strike
1-1: Fly out, F6 (Line Drive, 56, EV 98.1 MPH)
Batting: RHB Zach Elerson 0-0: Foul Ball, location: 2F
0-1: SINGLE (Groundball, P, EV 85.6 MPH) (infield hit)
Batting: RHB Steve Matteucci 0-0: Foul Ball, location: 3F
0-1: Ball
1-1: Swinging Strike
1-2: Ball
2-2: Fly out, F8 (Flyball, 78D, EV 85.6 MPH)
Batting: RHB Alejandro Rivera 0-0: Ball
1-0: Ball
Wild Pitch!
Zach Elerson to second
2-0: Ball
3-0: Base on Balls
Batting: RHB Josh Redding 0-0: Called Strike
0-1: Called Strike
0-2: Strikes out swinging
Bottom of the 4th over - 0 runs, 1 hit, 0 errors, 2 left on base; Frisco 2 - San Antonio 0
TOP OF THE 5TH
Frisco RoughRiders batting - Pitching for San Antonio Missions : LHP Miguel Espinoza
Batting: LHB Corey Jackson 0-0: Ball
1-0: Ball
2-0: Fly out, F3 (Popup, 3SF, EV 80.0 MPH)
Batting: RHB Phil Roth 0-0: Foul Ball, location: 3SF
0-1: Fly out, F9 (Line Drive, 9S, EV 108.1 MPH)
Batting: RHB Todd Peters 0-0: Ball
1-0: Ball
2-0: Ball
3-0: Base on Balls
Pitching: LHP Francisco Ruelas
Batting: LHB Dallas Zancanella 0-0: Called Strike
0-1: Foul Ball, location: 23F
0-2: Ball
1-2: Strikes out looking
Top of the 5th over - 0 runs, 0 hits, 0 errors, 1 left on base; Frisco 2 - San Antonio 0
BOTTOM OF THE 5TH
San Antonio Missions batting - Pitching for Frisco RoughRiders : LHP Dan Pyne
Batting: RHB Mike Bradberry 0-0: Called Strike
0-1: Ball
1-1: Foul Ball, location: 5FF
1-2: Ball
2-2: Strikes out swinging
Batting: RHB Chris Ell 0-0: Ball
1-0: Called Strike
1-1: Ball
2-1: Ball
3-1: Ground out 5-3 (Groundball, 15, EV 92.5 MPH)
Batting: LHB Kenny Helm 0-0: Called Strike
0-1: Swinging Strike
0-2: Ball
1-2: Ball
2-2: SINGLE (Flyball, 3D, EV 95.6 MPH)
Batting: SHB Billy Schneider 0-0: Ball
1-0: Ball
2-0: Ball
3-0: Called Strike
3-1: Called Strike
3-2: Foul Ball, location: 2F
3-2: Foul Ball, location: 2F
3-2: Base on Balls
Kenny Helm to second
Batting: RHB Sincere Robinson 0-0: Foul Ball, location: 5FF
0-1: SINGLE (Line Drive, 8LS, EV 108.8 MPH)
Kenny Helm to third
Billy Schneider to second
Runner from 3rd tries for Home, SAFE, throw by CF to home
Batting: RHB Zach Elerson 0-0: Ball
Wild Pitch!
Billy Schneider to third
Sincere Robinson to second
1-0: Called Strike
1-1: Foul Ball, location: 3F
1-2: SINGLE (Groundball, 34S, EV 72.5 MPH) (infield hit)
Billy Schneider scores
Sincere Robinson to third
Batting: RHB Steve Matteucci 0-0: Called Strike
0-1: Foul Ball, location: 2F
0-2: Strikes out swinging
Bottom of the 5th over - 2 runs, 3 hits, 0 errors, 2 left on base; Frisco 2 - San Antonio 2
TOP OF THE 6TH
Frisco RoughRiders batting - Pitching for San Antonio Missions : LHP Francisco Ruelas
Batting: RHB Eric Nichols 0-0: Swinging Strike
0-1: Ball
1-1: Swinging Strike
1-2: Foul Ball, location: 25F
1-2: Ball
2-2: DOUBLE (Line Drive, 89D, EV 97.5 MPH)
Batting: LHB Josh Anderson 0-0: Ball
1-0: Fly out, F6 (Popup, 6MS, EV 78.1 MPH)
Batting: RHB Manny Rodriguez 0-0: Ball
1-0: Ball
2-0: Foul Ball, location: 3SF
2-1: Ground out U3 (Groundball, 34S, EV 86.9 MPH)
Eric Nichols to third
Batting: RHB Mark Riggs 0-0: Called Strike
0-1: Ball
1-1: Ball
2-1: Swinging Strike
2-2: Strikes out looking
Top of the 6th over - 0 runs, 1 hit, 0 errors, 1 left on base; Frisco 2 - San Antonio 2
BOTTOM OF THE 6TH
San Antonio Missions batting - Pitching for Frisco RoughRiders : LHP Dan Pyne
Batting: RHB Alejandro Rivera 0-0: Ball
1-0: Foul Ball, location: 2F
1-1: Swinging Strike
1-2: Fly out, F4 (Line Drive, 4, EV 85.0 MPH)
Batting: RHB Josh Redding 0-0: Foul Ball, location: 5F
0-1: Called Strike
0-2: Ground out 5-3 (Groundball, 15, EV 89.4 MPH)
Batting: RHB Mike Bradberry 0-0: Ball
1-0: Called Strike
1-1: Ball
2-1: Ball
3-1: Swinging Strike
3-2: Base on Balls
Pitching: LHP Ryan Cole
Batting: RHB Chris Ell 0-0: Called Strike
0-1: Ground out 6-3 (Groundball, P, EV 81.9 MPH)
Bottom of the 6th over - 0 runs, 0 hits, 0 errors, 1 left on base; Frisco 2 - San Antonio 2
TOP OF THE 7TH
Frisco RoughRiders batting - Pitching for San Antonio Missions : LHP Francisco Ruelas
Batting: RHB Kymani Biggs 0-0: Ball
1-0: Ball
2-0: Foul Ball, location: 9LSF
2-1: Ball
3-1: Fly out, F7 (Flyball, 7LD, EV 91.9 MPH)
Pinch Hitting: RHB Ricky Centeno 0-0: Ball
1-0: Swinging Strike
1-1: Ball
2-1: Foul Ball, location: 3SF
2-2: Ball
3-2: Base on Balls
Batting: RHB Phil Roth 0-0: Called Strike
0-1: Foul Ball, location: 2F
0-2: Ball
1-2: Strikes out swinging
Pitching: RHP Miguel Meza
Batting: RHB Todd Peters 0-0: DOUBLE (Flyball, 89XD, EV 111.9 MPH)
Ricky Centeno to third
Runner from 3rd tries for Home, SAFE, no throw by RF
Batting: LHB Dallas Zancanella 0-0: Ball
1-0: Ball
2-0: Swinging Strike
2-1: Swinging Strike
2-2: Strikes out swinging
Top of the 7th over - 1 run, 1 hit, 0 errors, 1 left on base; Frisco 3 - San Antonio 2
BOTTOM OF THE 7TH
San Antonio Missions batting - Pitching for Frisco RoughRiders : LHP Ryan Cole
Pitching: RHP Alex de la Rosa
Now in RF: Ryan O'Neal
Batting: LHB Kenny Helm 0-0: Ball
1-0: Foul Ball, location: 3FF
1-1: Ball
2-1: Ground out U3 (Groundball, 34, EV 59.4 MPH)
Batting: SHB Billy Schneider 0-0: Ball
1-0: Ball
2-0: Ground out 4-3 (Groundball, 4, EV 84.4 MPH)
Batting: RHB Sincere Robinson 0-0: Ball
1-0: Ball
2-0: Called Strike
2-1: SINGLE (Line Drive, 78M, EV 89.4 MPH)
Batting: RHB Zach Elerson 0-0: Foul Ball, location: 3F
0-1: Ball
Wild Pitch!
Sincere Robinson to second
1-1: Called Strike
1-2: Ball
2-2: Foul Ball, location: 25F
2-2: Foul Ball, location: 2F
2-2: Ball
3-2: SINGLE (Groundball, 23, EV 69.4 MPH) (infield hit)
Sincere Robinson to third
Batting: RHB Steve Matteucci 0-0: Foul Ball, location: 2F
0-1: Fly out, F6 (Popup, P, EV 79.4 MPH)
Bottom of the 7th over - 0 runs, 2 hits, 0 errors, 2 left on base; Frisco 3 - San Antonio 2
TOP OF THE 8TH
Frisco RoughRiders batting - Pitching for San Antonio Missions : RHP Miguel Meza
Batting: RHB Eric Nichols 0-0: Called Strike
0-1: SINGLE (Line Drive, 4MD, EV 93.8 MPH)
Batting: LHB Josh Anderson 0-0: Ball
Eric Nichols steals 2nd base
1-0: Intentional Walk
Batting: RHB Manny Rodriguez 0-0: Called Strike
0-1: Foul Ball, location: 7LMFF
0-2: Ball
1-2: Ground out U3 (Groundball, 3L, EV 81.3 MPH)
Eric Nichols to third
Josh Anderson to second
Pinch Hitting: RHB Ramon Ponce 0-0: Intentional Walk
Batting: RHB Kymani Biggs 0-0: Called Strike
0-1: Ball
1-1: Foul Ball, location: 2F
1-2: Ball
2-2: Fly out, F8 (Flyball, 8LD, EV 104.4 MPH)
Runner from 3rd tags up, SCORES, throw by CF
Josh Anderson to third
Batting: LHB Ryan O'Neal 0-0: Ball
1-0: Called Strike
1-1: Fielders Choice at 2nd, 6-4 (Groundball, 6, EV 101.3 MPH)
Top of the 8th over - 1 run, 1 hit, 0 errors, 2 left on base; Frisco 4 - San Antonio 2
BOTTOM OF THE 8TH
San Antonio Missions batting - Pitching for Frisco RoughRiders : RHP Alex de la Rosa
Now in LF: Marco Sanchez
Batting: RHB Alejandro Rivera 0-0: Ball
1-0: Called Strike
1-1: DOUBLE (Flyball, 89D, EV 96.3 MPH)
Batting: RHB Josh Redding 0-0: Ball
1-0: Called Strike
1-1: Swinging Strike
1-2: Ball
2-2: Foul Ball, location: 23F
2-2: Foul Ball, location: 2F
2-2: Fly out, F9 (Flyball, 9D, EV 96.3 MPH)
Runner from 2nd tags up, SAFE at 3rd, no throw by RF
Batting: RHB Mike Bradberry 0-0: Called Strike
0-1: Foul Ball, location: 9LDF
0-2: Foul Ball, location: 7LMF
0-2: Foul Ball, location: 23F
0-2: Foul Ball, location: 2F
0-2: Fly out, F5 (Popup, 5F, EV 84.4 MPH)
Pitching: RHP Brian Williams
Batting: RHB Chris Ell 0-0: Called Strike
0-1: Ball
1-1: Fly out, F5 (Line Drive, 5, EV 67.5 MPH)
Bottom of the 8th over - 0 runs, 1 hit, 0 errors, 1 left on base; Frisco 4 - San Antonio 2
TOP OF THE 9TH
Frisco RoughRiders batting - Pitching for San Antonio Missions : RHP Miguel Meza
Batting: RHB Phil Roth 0-0: Fly out, F7 (Flyball, 78XD, EV 97.5 MPH)
Batting: RHB Todd Peters 0-0: Called Strike
0-1: Foul Ball, location: 7LSF
0-2: Ball
1-2: Ball
2-2: Strikes out swinging
Batting: LHB Dallas Zancanella 0-0: Ball
1-0: Ball
2-0: Called Strike
2-1: Foul Ball, location: 2F
2-2: Strikes out looking
Top of the 9th over - 0 runs, 0 hits, 0 errors, 0 left on base; Frisco 4 - San Antonio 2
BOTTOM OF THE 9TH
San Antonio Missions batting - Pitching for Frisco RoughRiders : RHP Brian Williams
Pitching: RHP Erik Rizzo
Batting: LHB Kenny Helm 0-0: Ball
1-0: Ball
2-0: Called Strike
2-1: Ball
3-1: Foul Ball, location: 23F
3-2: Foul Ball, location: 23FF
3-2: Fly out, F3 (Line Drive, 4, EV 71.9 MPH)
Batting: SHB Billy Schneider 0-0: Swinging Strike
0-1: Swinging Strike
0-2: Ball
1-2: Strikes out looking
Batting: RHB Sincere Robinson 0-0: Called Strike
0-1: Ball
1-1: Foul Ball, location: 2F
1-2: Strikes out looking
Bottom of the 9th over - 0 runs, 0 hits, 0 errors, 0 left on base; Frisco 4 - San Antonio 2
Sunday, April 14th , 2024 - OOTP Baseball 24.11 Build 85